 Dungeon Crawl Stone Soup version 0.23.2-33-g5129a83184 (webtiles) character file.

Game seed: 3863240908996263613

104 troglodite the Gusty (level 4, -6/38 HPs)
             Began as a Gnoll Wanderer on July 25, 2019.
             Was a Follower of Fedhas.
             Mangled by an orc
             ... wielding a +0 trident
              (7 damage)
             ... on level 3 of the Dungeon.
             The game lasted 00:05:42 (1857 turns).

troglodite the Gusty (Gnoll Wanderer)               Turns: 1857, Time: 00:05:43

Health: -6/38      AC:  6    Str: 15    XL:     4   Next: 80%
Magic:  7/7        EV: 11    Int: 12    God:    Fedhas [*.....]
Gold:   143        SH:  3    Dex: 17    Spells: 5/5 levels left

rFire    . . .     SeeInvis .   n - -1 spear (curse)
rCold    . . .     Gourm    .   (no shield)
rNeg     . . .     Faith    .   e - +0 ring mail
rPois    .         Spirit   .   g - +0 helmet
rElec    .         Reflect  +   (no cloak)
rCorr    .         Harm     .   (no gloves)
MR       .....     Rnd*Tele +   (no boots)
Stlth    +.........             j - +3 amulet of reflection
HPRegen  0.12/turn              l - ring of teleportation (curse)
MPRegen  0.10/turn              (no ring)

@: no status effects
A: distributed training, fangs 1, strong nose
a: Fungal Bloom, Sunlight, Renounce Religion


You were on level 3 of the Dungeon.
You worshipped Fedhas.
Fedhas was aware of your devotion.
You were hungry.

You visited 1 branch of the dungeon, and saw 3 of its levels.

You collected 143 gold pieces.

Inventory:

Hand Weapons
 a - a +2 mace
 n - a cursed -1 spear (weapon)
Armour
 e - a +0 ring mail (worn)
 g - a +0 helmet (worn)
Jewellery
 j - a +3 amulet of reflection (around neck)
 l - a cursed ring of teleportation (left hand)
 m - an uncursed amulet of the gourmand
Scrolls
 b - 2 scrolls of teleportation
 c - 2 scrolls of identify {unknown}
 d - a scroll of noise {unknown}
 i - a scroll of remove curse {unknown}
 k - 2 scrolls of fear {unknown}
 p - a scroll of immolation {unknown}
Potions
 h - 2 potions of lignification {unknown}
 o - 2 potions of degeneration {unknown}
Comestibles
 f - 5 rations


   Skills:
 + Level 4.7 Fighting
 + Level 1.2 Short Blades
 + Level 1.2 Long Blades
 + Level 1.2 Axes
 + Level 2.8 Maces & Flails
 + Level 1.2 Polearms
 + Level 1.2 Staves
 + Level 1.2 Slings
 + Level 1.2 Bows
 + Level 1.2 Crossbows
 + Level 1.2 Throwing
 + Level 1.2 Armour
 + Level 1.2 Dodging
 + Level 1.2 Stealth
 + Level 1.2 Shields
 + Level 1.2 Unarmed Combat
 + Level 1.2 Spellcasting
 + Level 1.0 Conjurations
 + Level 1.0 Hexes
 + Level 1.0 Charms
 + Level 1.0 Summonings
 + Level 1.0 Necromancy
 + Level 2.3 Translocations
 + Level 1.0 Transmutations
 + Level 1.0 Fire Magic
 + Level 1.0 Ice Magic
 + Level 7.1 Air Magic
 + Level 1.0 Earth Magic
 + Level 1.0 Poison Magic
 + Level 1.3 Invocations
 + Level 4.7 Evocations


You had 5 spell levels left.
You didn't know any spells.
Your spell library contained the following spells:

 Spells                   Type           Power        Failure   Level  Hunger
 Poisonous Vapours        Pois/Air       ##....       16%         2    ###....
 Swiftness                Chrm/Air       ##......     16%         2    ###....


Dungeon Overview and Level Annotations

Branches:
Dungeon (3/15)

Altars:
Fedhas


Innate Abilities, Weirdness & Mutations

Your experience applies equally to all skills.
You have very sharp teeth.
Your uncanny sense of smell can sniff out nearby items.


Message History

The orc hits you but does no damage. The giant cockroach closely misses you.
Attack whom?
Press: ? - help, Dir - move target cursor, f/p - orc
Aim: an orc, wielding a +0 trident and wearing a +0 scale mail (heavily wounded)
You reach to attack!
You closely miss the orc.
The orc is heavily wounded.
The bat barely misses you. The bat hits you but does no damage.
The orc hits you from afar with a +0 trident!
* * * LOW HITPOINT WARNING * * *
You block the giant cockroach's attack.
Attack whom?
Press: ? - help, Dir - move target cursor, f/p - orc
Aim: an orc, wielding a +0 trident and wearing a +0 scale mail (heavily wounded)
You reach to attack!
You barely miss the orc.
The orc is heavily wounded.
You block the bat's attack.
The giant cockroach bites you but does no damage.
The orc hits you from afar with a +0 trident!
You die...
Fedhas appreciates your contribution to the ecosystem.

#.# #........
.......#.#
#........
.......#.#
########.
.......#.# #.
.......#.# #.
......b#.# # #.
.......#.# ...
#.
......)#.##.....
##
.......@s.....>.
................
.....o..........
................
................
...####....#####
#.# #....# #.
######


You could see an orc, a giant cockroach and a bat.

Vanquished Creatures
  3 adders
  An ooze (D:3)
  A worm (D:2)
  A dart slug (D:1)
  2 leopard geckos
  A ball python (D:1)
  5 giant cockroaches
  7 goblins
  8 hobgoblins
  4 jackals
  6 kobolds
  3 quokkas
  7 bats
  6 frilled lizards
  8 rats
63 creatures vanquished.

Vanquished Creatures (others)
  3 toadstools
3 creatures vanquished.

Grand Total: 66 creatures vanquished

Notes
Turn   | Place    | Note
-------+----------+-------------------------------------------
     0 | D:1      | troglodite the Gnoll Wanderer began the quest for the Orb.
     0 | D:1      | troglodite set off with the following items: a +2 mace, a
                  | scroll of teleportation, a +0 robe, a ration; and the
                  | following spells available to memorise: Poisonous Vapours,
                  | Swiftness
     0 | D:1      | Reached XP level 1. HP: 20/20 MP: 3/3
   116 | D:1      | Reached XP level 2. HP: 15/26 MP: 5/5
   567 | D:1      | Reached XP level 3. HP: 29/31 MP: 6/6
   744 | D:2      | Reached skill level 1 in Invocations
   860 | D:2      | Reached skill level 1 in Short Blades
   860 | D:2      | Reached skill level 1 in Long Blades
   860 | D:2      | Reached skill level 1 in Axes
   860 | D:2      | Reached skill level 1 in Polearms
   860 | D:2      | Reached skill level 1 in Staves
   860 | D:2      | Reached skill level 1 in Slings
   860 | D:2      | Reached skill level 1 in Bows
   860 | D:2      | Reached skill level 1 in Crossbows
   860 | D:2      | Reached skill level 1 in Throwing
   860 | D:2      | Reached skill level 1 in Armour
   860 | D:2      | Reached skill level 1 in Dodging
   860 | D:2      | Reached skill level 1 in Stealth
   860 | D:2      | Reached skill level 1 in Shields
   860 | D:2      | Reached skill level 1 in Unarmed Combat
   860 | D:2      | Reached skill level 1 in Spellcasting
   873 | D:2      | Reached XP level 4. HP: 22/38 MP: 7/7
  1030 | D:2      | Found a faded altar of an unknown god.
  1094 | D:2      | Became a worshipper of Fedhas Madash
  1094 | D:2      | Reached * piety under Fedhas
  1591 | D:3      | Reached skill level 1 in Conjurations
  1591 | D:3      | Reached skill level 1 in Hexes
  1591 | D:3      | Reached skill level 1 in Charms
  1591 | D:3      | Reached skill level 1 in Summonings
  1591 | D:3      | Reached skill level 1 in Necromancy
  1591 | D:3      | Reached skill level 1 in Transmutations
  1591 | D:3      | Reached skill level 1 in Fire Magic
  1591 | D:3      | Reached skill level 1 in Ice Magic
  1591 | D:3      | Reached skill level 1 in Earth Magic
  1591 | D:3      | Reached skill level 1 in Poison Magic
  1856 | D:3      | HP: 1/38 [orc/+0 trident (9)]
  1857 | D:3      | Mangled by an orc

Skill      XL: |  1  2  3  4 |
---------------+-------------+-----
Translocations | 2 |  2.3
Invocations    | 1 |  1.3
Short Blades   | 1 |  1.2
Long Blades    | 1 |  1.2
Axes           | 1 |  1.2
Polearms       | 1 |  1.2
Staves         | 1 |  1.2
Slings         | 1 |  1.2
Bows           | 1 |  1.2
Crossbows      | 1 |  1.2
Throwing       | 1 |  1.2
Armour         | 1 |  1.2
Dodging        | 1 |  1.2
Stealth        | 1 |  1.2
Shields        | 1 |  1.2
Unarmed Combat | 1 |  1.2
Spellcasting   | 1 |  1.2
Conjurations   | 1 |  1.0
Hexes          | 1 |  1.0
Charms         | 1 |  1.0
Summonings     | 1 |  1.0
Necromancy     | 1 |  1.0
Transmutations | 1 |  1.0
Fire Magic     | 1 |  1.0
Ice Magic      | 1 |  1.0
Earth Magic    | 1 |  1.0
Poison Magic   | 1 |  1.0
Fighting       | |  4.7
Maces & Flails | |  2.8
Air Magic      | |  7.1
Evocations     | |  4.7

Action                   |  1- 3 |  4- 6 || total
-------------------------+-------+-------++-------
Melee: Mace              |    84 |    55 ||   139
       Bite              |     6 |    16 ||    22
       Spear             |       |    98 ||    98
Invok: Fungal Bloom      |       |     2 ||     2
 Stab: Sleeping          |       |     3 ||     3
  Eat: Chunk             |       |     3 ||     3
Armor: Robe              |     7 |       ||     7
       Ring mail         |    33 |    84 ||   117
Dodge: Dodged            |    48 |   110 ||   158
Block: Other             |     3 |    24 ||    27
